 Dungeon Crawl Stone Soup version 0.29.1-1-gd02db6906a (webtiles) character file.

Game seed: 17169245702173914267

2331 hawla the Destroyer (level 9, -2/63 HPs)
             Began as a Purple Draconian Conjurer on Oct 21, 2022.
             Was an Initiate of Vehumet.
             Slain by an orc warrior
             ... wielding a +0 war axe
              (15 damage)
             ... on level 7 of the Dungeon.
             The game lasted 00:23:31 (9485 turns).

hawla the Destroyer (Purple Draconian Conjurer)     Turns: 9485, Time: 00:23:32

Health: -2/63      AC: 11    Str: 10    XL:     9   Next: 19%
Magic:  3/14       EV: 12    Int: 23    God:    Vehumet [......]
Gold:   221        SH:  0    Dex:  7    Spells: 2/15 levels left

rFire   . . .      SeeInvis .   (no weapon)
rCold   . . .      Faith    .   (no shield)
rNeg    . . .      Spirit   .   (body armour unavailable)
rPois   .          Reflect  .   (helmet restricted)
rElec   .          Harm     .   (no cloak)
rCorr   .          Rampage  .   (no gloves)
Will    ++...                   m - +2 pair of boots
Stlth   +.........              (no amulet)
HPRegen 0.20/turn               g - ring of willpower
MPRegen 0.14/turn               (no ring)

@: mighty, very slightly contaminated
A: breathe power, AC +7, unfitting armour, cold-blooded, clumsy 1, shaggy fur 1
a: Breathe Dispelling Energy, Renounce Religion


You were on level 7 of the Dungeon.
You worshipped Vehumet.
Vehumet was noncommittal.
You visited 2 branches of the dungeon, and saw 8 of its levels.

You collected 221 gold pieces.

Inventory:

Armour
 m - a +2 pair of boots (worn)
Jewellery
 g - a ring of willpower (left hand)
Wands
 o - a wand of mindburst (10) (quivered)
Scrolls
 j - 3 scrolls of amnesia
 n - a scroll of enchant weapon
Potions
 a - 3 potions of curing
 b - a potion of ambrosia
 c - a potion of cancellation
 e - a potion of heal wounds
 h - a potion of lignification {unknown}
 i - 2 potions of degeneration {unknown}
 k - a potion of flight {unknown}
 l - 2 potions of invisibility {unknown}


   Skills:
 - Level 0.7 Fighting
 - Level 2.3 Dodging
 - Level 1.7 Stealth
 - Level 3.7 Spellcasting
 * Level 11.7 Conjurations
 - Level 2.0 Translocations
 * Level 3.5 Fire Magic


You had 2 spell levels left.
You knew the following spells:

 Your Spells              Type           Power      Damage    Failure   Level
a - Magic Dart            Conj           100%       1d8       1%          1
b - Searing Ray           Conj           100%       2d8       1%          2
c - Iskenderun's Mystic   Conj/Tloc      35%        2d8       6%          4
d - Starburst             Conj/Fire      19%        6d7       58%         6

Your spell library contained the following spells:

 Spells                   Type           Power      Damage    Failure   Level
 Ensorcelled Hibernation  Hex/Ice        8%         N/A       16%         2
 Dazzling Flash           Conj/Hex       62%        N/A       3%          3
 Fulminant Prism          Conj/Hex       15%        3d11      10%         4
 Spider Form              Tmut/Pois      4%         N/A       32%         3
 Anguish                  Hex/Necr       2%         N/A       71%         4


Dungeon Overview and Level Annotations

Branches:
Dungeon (7/15)             Temple (1/1) D:5

Altars:
Ashenzari
Cheibriados
Dithmenos
Elyvilon
Fedhas
Gozag
Hepliaklqana
Kikubaaqudgha
Makhleb
Nemelex Xobeh
Okawaru
Qazlal
Ru
Sif Muna
Trog
Uskayaw
Vehumet
Wu Jian
Xom
Yredelemnul
Zin
The Shining One

Shops:
D:1 *   D:6 :


Innate Abilities, Weirdness & Mutations

You can breathe bolts of dispelling energy.
Your rich purple scales are hard. (AC +7)
You cannot fit into any form of body armour.
You are cold-blooded and may be slowed by cold attacks.
You are clumsy. (Dex -2)
You are covered in fur. (AC +1)


Message History

The orc priest hits you with a +0 hand axe.
You see here a +0 short sword.
Casting: Iskenderun's Mystic Blast (dangerous; 6% risk of failure)
Confirm with . or Enter, or press ? or * to list all spells.
You erupt in a blast of force!
The mystic blast hits the orc priest!
The orc priest is heavily wounded.
The orc priest is knocked back by the mystic blast.
Unknown command.
Found 13 gold pieces.
The orc warrior hits you with a +0 war axe.
You hit the orc priest but do no damage.
You tail-slap the orc priest, but do no damage.
The orc priest is lightly wounded.
The orc priest closely misses you.
The orc warrior hits you with a +0 war axe!
Casting: Iskenderun's Mystic Blast (dangerous; 6% risk of failure)
Confirm with . or Enter, or press ? or * to list all spells.
You miscast Iskenderun's Mystic Blast.
You are very lightly contaminated with residual magic.
Nothing appears to happen.
The orc priest calls down the wrath of Beogh upon you.
Beogh smites you!
Okay, then.
It was a potion of might.
You feel very mighty all of a sudden.
The orc priest hits you but does no damage.
The orc warrior hits you with a +0 war axe.
The orc priest hits you with a +0 hand axe.
You barely miss the orc priest. You tail-slap the orc priest!
The orc priest is severely wounded.
The orc priest closely misses you.
The orc warrior hits you with a +0 war axe!
The orc priest hits you with a +0 hand axe.
You hit the orc priest but do no damage.
The orc priest is severely wounded.
The orc priest calls down the wrath of Beogh upon you.
Beogh smites you!
* * * LOW HITPOINT WARNING * * *
The orc warrior hits you with a +0 war axe!
You die...

#..........#
##+#####...#
#...###...#
+.........#
#.........#
#.........#
#.........#
########'#########
......o@))......
.......oo.......
................
................
................
$......######...
##..... ### ######


You could see an orc warrior and 2 orc priests.

Vanquished Creatures
  Edmund (D:5)
  2 ice beasts
  3 black bears
  2 sky beasts
  2 centaurs (D:5)
  2 phantoms
  Blork the orc (D:6)
  2 scorpions
  5 hounds
  3 jellies
  7 orc priests
  A gnoll bouda (D:5)
  Jessica (D:3)
  An iguana (D:6)
  5 orc wizards
  19 gnolls
  6 adders
  An ufetubus (D:5)
  4 worms
  2 dart slugs
  17 orcs
  5 endoplasms
  3 giant cockroaches
  8 goblins
  3 hobgoblins
  6 jackals (D:1)
  7 kobolds
  7 quokkas
  8 ball pythons
  8 bats
  3 frilled lizards
  4 rats
149 creatures vanquished.

Vanquished Creatures (collateral kills)
  A gnoll sergeant (D:6)
1 creature vanquished.

Grand Total: 150 creatures vanquished

Notes
Turn   | Place    | Note
-------+----------+-------------------------------------------
     0 | D:1      | hawla the Draconian Conjurer began the quest for the Orb.
     0 | D:1      | Reached XP level 1. HP: 14/14 MP: 3/3
   194 | D:1      | Reached XP level 2. HP: 20/20 MP: 3/5
   274 | D:1      | Learned a level 2 spell: Searing Ray
   415 | D:1      | Found Nyalurek's Assorted Antiques.
   669 | D:1      | Reached XP level 3. HP: 26/26 MP: 1/6
   956 | D:1      | Reached skill level 5 in Conjurations
  1595 | D:2      | Reached XP level 4. HP: 33/33 MP: 2/7
  1600 | D:2      | Learned a level 4 spell: Iskenderun's Mystic Blast
  1665 | D:2      | Identified the +2 robe of Daisies {Str+4 Stlth+}
  2184 | D:3      | Noticed a sky beast
  2214 | D:3      | Killed a sky beast
  2215 | D:3      | Reached skill level 6 in Conjurations
  2215 | D:3      | Reached skill level 1 in Translocations
  2215 | D:3      | Reached XP level 5. HP: 21/38 MP: 4/8
  2903 | D:3      | Found a faded altar of an unknown god.
  3046 | D:3      | Found a blossoming altar of Fedhas.
  3047 | D:3      | Found a white marble altar of Elyvilon.
  3304 | D:3      | Noticed Jessica
  3306 | D:3      | Killed Jessica
  3307 | D:3      | Reached XP level 6. HP: 45/45 MP: 5/9
  3721 | D:4      | Reached skill level 7 in Conjurations
  4809 | D:5      | Entered Level 5 of the Dungeon
  4845 | D:5      | Your scales start taking on a rich purple colour.
  4845 | D:5      | Reached XP level 7. HP: 24/50 MP: 3/11
  5094 | D:5      | Reached skill level 8 in Conjurations
  5324 | D:5      | Learned a level 6 spell: Starburst
  5326 | D:5      | Noticed Edmund
  5455 | D:5      | Found a glowing golden altar of the Shining One.
  5658 | D:5      | Reached skill level 1 in Fire Magic
  5740 | D:5      | Reached skill level 9 in Conjurations
  6007 | D:5      | Reached XP level 8. HP: 54/58 MP: 3/13
  6283 | D:5      | Noticed a two-headed ogre
  6776 | D:5      | Reached skill level 10 in Conjurations
  7190 | D:6      | Identified the +2 ring mail of Fouguera {Int+4}
  7992 | D:5      | Found a staircase to the Ecumenical Temple.
  8002 | D:5      | Killed Edmund
  8204 | Temple   | Entered the Ecumenical Temple
  8450 | Temple   | Became a worshipper of Vehumet
  8497 | D:6      | Gained mutation: You are covered in fur. (AC +1) [potion of
                  | mutation]
  8497 | D:6      | Gained mutation: You are clumsy. (Dex -2) [potion of
                  | mutation]
  8668 | D:6      | Reached skill level 11 in Conjurations
  8737 | D:6      | Found Plog's Vocational Training.
  8754 | D:6      | Reached XP level 9. HP: 63/63 MP: 2/14
  8958 | D:6      | Noticed Blork the orc
  8971 | D:6      | Killed Blork the orc
  9485 | D:7      | Slain by an orc warrior

Illustrated notes

Levels and vault maps discovered:
D:1:      lemuel_arrival_lava_pool, layout_rooms, serial_shops,
          nicolae_shop_overgrown_old_shop
D:2:      layout_basic
D:3:      layout_loops_cross, gammafunk_temple_overflow_statue,
          hellmonk_ecumenical_altar_inner_sanctum, uniq_jessica
D:4:      layout_loops_ring
D:5:      black_bear_nest_1, layout_loops_ring,
          mainiacjoe_overflow_concentric_impassable,
          minmay_temple_entry_statues_fountains, uniq_edmund
D:6:      layout_basic, nicolae_shop_vocational, uniq_blork_the_orc
D:7:      layout_gridville
Temple:   compressed_dpeg_triangle_lava_temple

Skill      XL: |  1  2  3  4  5  6  7  8 |
---------------+-------------------------+-----
Conjurations   | 5 6 7 9 11 | 11.7
Translocations | 1 2 |  2.0
Spellcasting   | 3 |  3.7
Dodging        | 2 |  2.3
Fire Magic     | 1 3 |  3.5
Fighting       | |  0.7
Stealth        | |  1.7

Action                   |  1- 3 |  4- 6 |  7- 9 || total
-------------------------+-------+-------+-------++-------
Melee: Unarmed           |    34 |    71 |    12 ||   117
       Tailslap          |     3 |     8 |     5 ||    16
       Punch             |       |     2 |       ||     2
 Cast: Magic Dart        |    42 |    19 |    29 ||    90
       Searing Ray       |    14 |    40 |    50 ||   104
       Iskenderun's Myst |       |       |    20 ||    20
Evoke: Wand              |       |       |     1 ||     1
  Use: Scroll            |     4 |     7 |     6 ||    17
       Potion            |       |     3 |     3 ||     6
 Stab: Sleeping          |     1 |       |       ||     1
Armor: Skin              |    18 |    28 |    35 ||    81
Dodge: Dodged            |    36 |    69 |    72 ||   177
